AoeStats
← VZ | YURIEL

Arabia

510868295Analyzed
4v4 RM · 20h ago on Oct 2, 2026· 64m 10s· 8 players
Game mode
Random Map
Map size
Large (8 player)
Population
200
Speed
Normal
Resources
Standard
Victory
Conquest
Starting age
Dark Age
Ending age
Imperial Age
RankedLock teamsTeams togetherTeam positionsShared explorationLock speedFull tech treeHidden civsTurbo modeCheats
Victory
Defeat
🇲🇽 Britons · Mexico
1290
+9
🇦🇷 Ethiopians · Argentina
1104
+17
🇨🇱 Mongols · Chile
1061
+18
🇦🇷 Magyars · Argentina
857
+26
🇦🇷 Tatars · Argentina
1235
-21
🇨🇿 Persians · Czechia
1093
-17
🇦🇷 Berbers · Argentina
1068
-16
🇦🇷 Franks · Argentina
1068
-16
Deadshot
9:15 Loom
11:00 Feudal Age
15:01 Castle Age
12:53 Double-Bit Axe
21:00 Bow Saw
22:30 Horse Collar
24:51 Bloodlines
24:51 Scale Barding Armor
24:57 Forging
25:48 Gold Mining
27:03 Heavy Plow
27:21 Husbandry
28:26 Chain Barding Armor
28:56 Wheelbarrow
30:10 Iron Casting
32:51 Hand Cart
36:13 Imperial Age
33:10 Pikeman
33:50 Squires
33:55 Scale Mail Armor
33:45 Fletching
34:50 Gold Shaft Mining
34:05 Stone Mining
37:51 Conscription
36:55 Cavalier
38:13 Plate Barding Armor
38:39 Blast Furnace
38:51 Two-Man Saw
38:23 Crop Rotation
38:26 Savar
39:12 Bodkin Arrow
40:20 Chemistry
39:32 Masonry
39:18 Murder Holes
40:03 Kamandaran
40:45 Padded Archer Armor
41:08 Elite Skirmisher
Rocklets
3:08 Loom
11:06 Feudal Age
17:53 Castle Age
20:00 Double-Bit Axe
24:44 Scale Barding Armor
26:17 Chain Barding Armor
26:40 Husbandry
30:35 Forging
36:51 Imperial Age
34:23 Gold Mining
35:31 Iron Casting
37:08 Gold Shaft Mining
36:24 Stone Mining
37:28 Cavalier
39:26 Plate Barding Armor
40:38 Wheelbarrow
42:51 Paladin
45:06 Blast Furnace
46:59 Hand Cart
48:21 Chivalry
Sigzil
7:12 Loom
9:37 Feudal Age
10:04 Double-Bit Axe
10:01 Horse Collar
20:57 Castle Age
20:07 Scale Barding Armor
20:26 Forging
20:39 Bloodlines
20:54 Gold Mining
27:57 Chain Barding Armor
32:13 Husbandry
34:59 Town Watch
35:49 Wheelbarrow
36:50 Iron Casting
42:32 Imperial Age
40:17 Fletching
42:16 Bodkin Arrow
43:02 Padded Archer Armor
43:45 Bow Saw
44:37 Bracer
45:47 Conscription
46:40 Ballistics
46:59 Heavy Cavalry Archer
49:59 Leather Archer Armor
51:23 Ring Archer Armor
51:32 Capped Ram
53:41 Chemistry
57:20 Siege Ram
Fretshe
10:45 Feudal Age
11:31 Double-Bit Axe
12:35 Horse Collar
22:41 Castle Age
23:20 Stone Mining
25:38 Heavy Plow
25:55 Gold Mining
26:45 Scale Barding Armor
26:32 Fletching
26:43 Padded Archer Armor
27:12 Bow Saw
28:12 Gold Shaft Mining
29:23 Ballistics
30:02 Bodkin Arrow
31:58 Kasbah
36:37 Bloodlines
36:50 Chain Barding Armor
36:45 Leather Archer Armor
40:41 Imperial Age
46:02 Wheelbarrow
46:26 Conscription
46:20 Thumb Ring
51:39 Capped Ram
54:28 Elite Camel Archer
55:49 Hand Cart
KEVINLUCIANO631
5:34 Loom
8:25 Feudal Age
9:33 Double-Bit Axe
19:14 Castle Age
19:30 Horse Collar
20:19 Bow Saw
21:02 Light Cavalry
26:51 Heavy Plow
32:06 Wheelbarrow
31:17 Town Watch
35:55 Imperial Age
34:31 Fervor
34:22 Fletching
34:32 Padded Archer Armor
35:23 Bodkin Arrow
35:41 Forging
35:37 Scale Barding Armor
37:39 Capped Ram
38:23 Nomads
40:43 Chemistry
40:03 Ballistics
39:46 Heavy Camel Rider
41:26 Bracer
41:32 Siege Ram
43:42 Drill
43:14 Elite Mangudai
46:32 Leather Archer Armor
46:38 Chain Barding Armor
46:36 Bloodlines
48:32 Iron Casting
47:57 Scale Mail Armor
48:25 Siege Engineers
48:31 Masonry
50:28 Hussar
54:00 Blast Furnace
53:16 Chain Mail Armor
57:26 Plate Mail Armor
57:28 Onager
58:50 Siege Onager
VZ | YURIEL
5:45 Loom
8:17 Feudal Age
8:52 Double-Bit Axe
10:35 Town Watch
13:27 Fletching
20:53 Castle Age
19:30 Gold Mining
20:13 Horse Collar
21:29 Bodkin Arrow
20:55 Crossbowman
22:59 Ballistics
26:54 Heavy Plow
35:48 Imperial Age
34:50 Gold Shaft Mining
34:22 Stone Mining
36:55 Wheelbarrow
36:29 Bracer
38:16 Chemistry
39:37 Padded Archer Armor
40:06 Arbalester
43:18 Hand Cart
43:44 Yeomen
44:47 Conscription
45:40 Leather Archer Armor
47:56 Scale Mail Armor
49:02 Ring Archer Armor
48:51 Chain Mail Armor
54:45 Plate Mail Armor
53:43 Pikeman
54:26 Squires
55:12 Forging
54:48 Halberdier
55:59 Bow Saw
57:39 Elite Skirmisher
58:51 Ring Archer Armor
58:58 Iron Casting
62:49 Warwolf
Zayko
6:37 Loom
9:17 Feudal Age
9:48 Double-Bit Axe
18:44 Castle Age
17:33 Horse Collar
18:45 Wheelbarrow
17:56 Town Watch
20:03 Bow Saw
19:57 Heavy Plow
19:56 Gold Mining
21:24 Hand Cart
22:23 Town Patrol
26:24 Stone Mining
28:08 Fletching
29:07 Bodkin Arrow
32:30 Imperial Age
30:19 Padded Archer Armor
31:46 Crossbowman
32:32 Thumb Ring
33:18 Leather Archer Armor
32:34 Arbalester
33:15 Bracer
33:33 Leather Archer Armor
33:44 Ballistics
34:25 Chemistry
37:49 Conscription
38:10 Ring Archer Armor
41:53 Scale Mail Armor
42:04 Forging
42:56 Chain Mail Armor
42:54 Forging
44:23 Plate Mail Armor
45:03 Iron Casting
44:28 Elite Shotel Warrior
47:53 Blast Furnace
AFABOSTERA
8:24 Loom
10:12 Feudal Age
11:08 Double-Bit Axe
16:04 Gold Mining
18:04 Wheelbarrow
20:43 Castle Age
19:19 Wheelbarrow
20:48 Castle Age
20:34 Stone Mining
22:27 Bloodlines
22:29 Scale Barding Armor
23:32 Husbandry
26:32 Chain Barding Armor
36:55 Imperial Age
35:12 Corvinian Army
35:19 Corvinian Army
36:21 Gold Shaft Mining
36:19 Bow Saw
38:40 Conscription
37:42 Elite Magyar Huszar
40:46 Two-Man Saw
40:56 Plate Barding Armor
41:31 Horse Collar
49:40 Cavalier
51:07 Paladin
Connection lost

Rejoining the realm…

Still unreachable

The connection could not be restored.

Session expired

The server has moved on; the page needs a fresh start.